Workbook

Sheet Акт
A1: АКТ № 30/9-2017
A2: приемки оказанных услуг и (или) выполненных работ по содержанию и текущему ремонту общего имущества в многоквартирном доме № 9 микрорайона 30.
A3: г. Ангарск | D3: "31" марта 2018 г.
A5: Наименование вида работы (услуги) | B5: Периодичность/ количественный показатель выполненной работы (оказанной услуги) | C5: Единица измерения работы (услуги) | D5: Стоимость /сметная стоимость выполненной работы (оказанной услуги) за единицу | E5: Цена выполненной работы (оказанной услуги), в рублях
A6: Аварийное обслуживание
A7: Аварийное обслуживание | B7: Ежедневно | C7: руб. | D7: =E7 -> 7889.39 | E7: 7889.39
A8: Благоустройство
A9: Выкашивание газонов | B9: 1000 | C9: м2 | D9: =E9/B9 -> 3.95 | E9: 3950
A10: Завоз песка и земли | B10: 1 | C10: руб. | D10: =E10/B10 -> 1200 | E10: 1200
A11: Изготовление: ключей для ковша м/провода | B11: 0.02 | C11: шт | D11: =E11/B11 -> 6059 | E11: 121.18
A12: Разборка горки деревянной высотой 3 м | B12: 8 | C12: м | D12: =E12/B12 -> 183.63375 | E12: 1469.07
A13: Сборка и установка детского городка с земляными работами | B13: 15 | C13: 1 стойка | D13: =E13/B13 -> 2015.722 | E13: 30235.83
A14: Устройство деревянной горки высотой 3 м | B14: 1 | C14: руб. | D14: =E14/B14 -> 5738.3 | E14: 5738.3
A15: Вывоз и утилизация ТКО, в т.ч. крупногабаритного мусора
A16: Услуги по вывозу и утилизации ТБО, в т.ч. крупногабаритного мусора | B16: Ежедневно | C16: руб. | D16: =E16 -> 52754 | E16: 52754
A17: Дезинсекция и дератизация
A18: Дезинсекция и дератизация | B18: 1 | C18: руб. | D18: =E18/B18 -> 601.2 | E18: 601.2
A19: Коммунальные ресурсы на содержание общ. имущества МКД
A20: ГВС на содержание общ. имущества | B20: По факту | C20: руб. | D20: =E20 -> 15990.23 | E20: 15990.23
A21: Отведение сточных вод на содержание общ. имущества | B21: По нормативу | C21: руб. | D21: =E21 -> 6156.21 | E21: 6156.21
A22: ХВС на содержание общ. имущества | B22: По нормативу | C22: руб. | D22: =E22 -> 5278.95 | E22: 5278.95
A23: Электрическая энергия на содержание общ. имущества | B23: По факту | C23: руб. | D23: =E23 -> 10048.11 | E23: 10048.11
A24: Обслуживание и ремонт лифтов
A25: Техническое обслуживание лифтов | B25: Ежемесячно | C25: руб. | D25: =E25/12 -> 6200 | E25: 74400
A26: Обслуживание и текущий ремонт электрооборудования жилых домов
A27: Обслуживание и текущий ремонт электрооборудования жилых домов | B27: По факту | C27: руб. | D27: =E27 -> 9275.99 | E27: 9275.99
A28: Обслуживание инженерного оборудования
A29: Визуальный осмотр инженерного обор-ния ИТП с представителем энергоснабжающей орг-и, составление акта | B29: 1 | C29: 1 ИТП | D29: =E29/B29 -> 179.3 | E29: 179.3
A30: Запуск потока воды: отопление, ГВС | B30: 7 | C30: 1 узел | D30: =E30/B30 -> 70.447143 | E30: 493.13
A31: Запуск системы отопления. | B31: 2 | C31: 1 здание | D31: =E31/B31 -> 796.93 | E31: 1593.86
A32: Ликвидация воздушных пробок в системе отопления, в стояке | B32: 16 | C32: 1 стояк | D32: =E32/B32 -> 435.38063 | E32: 6966.09
A33: Опрессовка ТУ диаметром: до 100 мм | B33: 0.18 | C33: 100 м | D33: =E33/B33 -> 4450.7778 | E33: 801.14
A34: Осмотр подвальных помещений (засоры, подпоры) прим. | B34: 0.27 | C34: 1000 м2 | D34: =E34/B34 -> 1582.4815 | E34: 427.27
A35: Осмотр СТО | B35: 0.16 | C35: 100 квартир | D35: =E35/B35 -> 23867.625 | E35: 3818.82
A36: Осмотр СТО в чердачных и подвальных помещениях (весенний и осенний) | B36: 3.57 | C36: 1000 м2 | D36: =E36/B36 -> 1586.042 | E36: 5662.17
A37: Осмотр, РХВ замеры | B37: 0.07 | C37: 100 шт. | D37: =E37/B37 -> 21444.857 | E37: 1501.14
A38: Отключение системы отопления (консервация) - прим. | B38: 2 | C38: 1 здание | D38: =E38/B38 -> 384.575 | E38: 769.15
A39: Очистка канализационной сети: внутренней | B39: 0.06 | C39: 100 м | D39: =E39/B39 -> 12020.5 | E39: 721.23
A40: Перевод отопления с подачи на обратку или с обратки на подачу | B40: 10 | C40: узел | D40: =E40/B40 -> 128.412 | E40: 1284.12
... A52: Устранение засоров санитарных приборов | B52: 1 | C52: 1 прибор | D52: =E52/B52 -> 275.08 | E52: 275.08
A53: Обслуживание конструктивных элементов
A54: Закрытие подъездного окна | B54: 0.8 | C54: 10 шт. | D54: =E54/B54 -> 1823.675 | E54: 1458.94
A55: Осмотр кровли, чердака, подъездов, подвального помещения - весенний осмотр | B55: 1.777 | C55: 1000 м2 | D55: =E55/B55 -> 1641.5476 | E55: 2917.03
A56: Очистка канализационного стояка от наледи | B56: 4 | C56: 1 стояк | D56: =E56/B56 -> 181.57 | E56: 726.28
A57: Проверка исправности канализационных вытяжек (по жалобе) | B57: 0.2 | C57: 1000 м3 здания, 100 приб. | D57: =E57/B57 -> 1790.8 | E57: 358.16
A58: Проверка наличия тяги в ДВ и вент. каналах | B58: 0.2 | C58: 1000 м2 | D58: =E58/B58 -> 1638.5 | E58: 327.7
A59: Смена дверных приборов: накладного замка | B59: 0.01 | C59: 100 приборов | D59: =E59/B59 -> 123540 | E59: 1235.4
A60: Смена дверных приборов: пружин | B60: 0.01 | C60: 100 приборов | D60: =E60/B60 -> 29038 | E60: 290.38
A61: Укрепление дверных приборов: петли (шарниры), шпингалеты, ручки накладные | B61: 0.01 | C61: 100 шт. | D61: =E61/B61 -> 43346 | E61: 433.46
A62: Обслуживание ОДПУ
A63: Техническое обслуживание ОДПУ | B63: Ежемесячно | C63: руб. | D63: =E63/12 -> 3600 | E63: 43200
A64: Расходы на истребование задолженности по оплате жилых помещений
A65: Истребование дебиторской задолженности | B65: По факту | C65: руб. | D65: =E65 -> 200 | E65: 200
A66: Текущий ремонт инженерного оборудования
A67: Демонтаж-монтаж смесителей: без душевой сетки | B67: 0.01 | C67: 100 шт. | D67: =E67/B67 -> 112018 | E67: 1120.18
A68: Заделка свища (трещины) на трубе канализации - герметиком | B68: 1 | C68: 1 место | D68: =E68/B68 -> 124.55 | E68: 124.55
A69: Замена маховичка вентильной головки или ручки переключателя на смесителе | B69: 1 | C69: шт | D69: =E69/B69 -> 173.28 | E69: 173.28
A70: Изоляция трубопровода матами с совмещенным покрывным слоем | B70: 0.02 | C70: 1 м3 | D70: =E70/B70 -> 22862 | E70: 457.24
A71: Очистка фильтра от накипи (отложений) | B71: 7 | C71: шт | D71: =E71/B71 -> 923.01714 | E71: 6461.12
A72: Регулировка температуры отопления в ИТП вентилями | B72: 1 | C72: шт | D72: =E72/B72 -> 394.34 | E72: 394.34
A73: Ремонт теплообменника | B73: 0.03 | C73: 100 приборов | D73: =E73/B73 -> 151198.67 | E73: 4535.96
A74: Сварка стыка труб и штырей: наружный диаметр труб 25-28 мм, толщина стенки до 4 мм | B74: 2 | C74: 1 стык | D74: =E74/B74 -> 74.485 | E74: 148.97
A75: Смена отдельных участков трубопроводов диаметром: 25 мм | B75: 1 | C75: 1 участок | D75: =E75/B75 -> 1333.47 | E75: 1333.47
A76: Смена отдельных участков трубопроводов из стальных водогазопроводных неоцинкованных труб д-м: 50 мм | B76: 2 | C76: 1 участок | D76: =E76/B76 -> 1116.33 | E76: 2232.66
A77: Смена сифона на пластмассовых трубопроводах | B77: 1 | C77: шт | D77: =E77/B77 -> 352.22 | E77: 352.22
A78: Текущий ремонт конструктивных элементов жилых зданий
A79: Гермитизация горизонтальных и вертикальных стыков резиновыми прокладками | B79: 0.02 | C79: 100 м | D79: =E79/B79 -> 4439.5 | E79: 88.79
A80: Демонтаж-монтаж аншлага, стенда, вывески, доски объявления и т.д. | B80: 0.01 | C80: 100 шт. | D80: =E80/B80 -> 29116 | E80: 291.16
A81: Ремонт дверных полотен (выдергивание гвоздей, подгонка, установка, укрепление притворной планки) | B81: 1 | C81: шт | D81: =E81/B81 -> 299.41 | E81: 299.41
A82: Ремонт отдельных мест скатной кровли (материалом Унифлекс) | B82: 5.2 | C82: м2 | D82: =E82/B82 -> 322.25 | E82: 1675.7
A83: Смена дверных приборов: замков врезных | B83: 0.01 | C83: 100 приборов | D83: =E83/B83 -> 90779 | E83: 907.79
A84: Уборка лестничных клеток
A85: Уборка л/клеток | B85: Еженедельно | C85: м2 | D85: =E85 -> 121982.04 | E85: 121982.04
A86: Уборка придомовой территории
A87: Уборка придомовой территории | B87: Еженедельно | C87: м2 | D87: =E87 -> 67970.16 | E87: 67970.16
A88: Услуги по управлению МКД
A89: Услуги по управлению МКД | C89: руб. | E89: =Бюджет!C30*10% -> 73848.796
A90: Итого: | E90: =SUM(E7:E89) -> 620667.26
A92: Всего за период с "01" января 2017 г. по "31"декабря 2017 г. выполнено работ (оказано услуг)
A93: на общую сумму 620 667,26 руб. (Шестьсот двадцать тысяч шестьсот шестьдесят семь рублей 26 копеек).
A94: Работы (услуги) выполнены (оказаны) полностью, в установленные сроки, с надлежащим качеством.
A95: Претензий по выполнению условий Договора Стороны друг к другу не имеют.
A96: Настоящий Акт составлен в 2-х экземплярах, имеющих одинаковую юридическую силу,
A97: по одному для каждой из Сторон.
A99: Подписи Сторон:
A101: Исполнитель - Директор ООО "ЖЭУ № 6" Плотников А.А. | C101: __________________________
A102: (должность, ФИО) | C102: (подпись)
A104: Заказчик - ____________________________________________________ | C104: __________________________
A105: (ФИО) | C105: (подпись)

Sheet Бюджет
A1: Отчет по бюджету № 30/9-2017
A3: Период: с 01.01.2017 по 31.12.2017 года.
A5: Строение / По типу работ | B5: Расходы | C5: Начисления | D5: Поступления
A6: Долг за выполненные работы на 01.01.2017 г. | B6: 211027.34
A7: Cодержание жилья | C7: 452090.88 | D7: 512580.35
A8: Вывоз и утилизация ТКО | C8: 96125.8 | D8: 120397.47
A9: ГВС на содержание общ. имущества | C9: 20056.02 | D9: 4045.26
A10: Отведение сточных вод на содержание общ. им-ва | C10: 6156.21
A11: Техническое обслуживание нежилых помещений | C11: 118597.56 | D11: 43782
A12: ХВС на содержание общ. имущества | C12: 5278.95 | D12: 3179.23
A13: Электрическая энергия на содержание общ. имущества | C13: 40182.54 | D13: 4485.38
A14: Аварийное обслуживание | B14: =Акт!E7 -> 7889.39
A15: Благоустройство | B15: =SUM(Акт!E9:E14) -> 42714.38
A16: Вывоз и утилизация ТКО, в т.ч. крупногабаритного мусора | B16: =Акт!E16 -> 52754
A17: Дезинсекция и дератизация | B17: =Акт!E18 -> 601.2
A18: Коммунальные ресурсы на содержание общ. имущества МКД | B18: =SUM(Акт!E20:E23) -> 37473.5
A19: Обслуживание и ремонт лифтов | B19: =Акт!E25 -> 74400
A20: Обслуживание и текущий ремонт электрооборудования жилых домов | B20: =SUM(Акт!E27) -> 9275.99
A21: Обслуживание инженерного оборудования | B21: =SUM(Акт!E29:E52) -> 60013.61
A22: Обслуживание конструктивных элементов | B22: =SUM(Акт!E54:E61) -> 7747.35
A23: Обслуживание ОДПУ | B23: =Акт!E63 -> 43200
A24: Расходы на истребование задолженности по оплате жилых помещений | B24: =Акт!E65 -> 200
A25: Текущий ремонт инженерного оборудования | B25: =SUM(Акт!E67:E77) -> 17333.99
A26: Текущий ремонт конструктивных элементов жилых зданий | B26: =SUM(Акт!E79:E83) -> 3262.85
A27: Уборка лестничных клеток | B27: =Акт!E85 -> 121982.04
A28: Уборка придомовой территории | B28: =Акт!E87 -> 67970.16
A29: Услуги по управлению МКД | B29: =Акт!E89 -> 73848.796
A30: Итого: | B30: =SUM(B7:B29) -> 620667.26 | C30: =SUM(C7:C29) -> 738487.96 | D30: =SUM(D7:D29) -> 688469.69
A31: Долг за выполненные работы (доходы за минусом расходов) на 01.01.2018 г. - 143224,91 руб. | E31: =D30-B6-B30 -> -143224.91
A32: Задолженность по оплате за содержание и текущий ремонт на 01.01.2018 г. - 331 612,66 руб.
A34: Директор ООО "ЖЭУ №6" Плотников А.А. __________________
A35: Отчет составил: экономист Сундукова Ю.А. _______________
A36: Отчет получил: ________________________________________________________
A37: Дата __________________

Sheet 2018
A1: Отчет по бюджету № 30/9-2018
A3: Период: с 01.01.2018 по 31.12.2018 года.
A5: ОБЩИЕ СВЕДЕНИЯ ОБ ОБЪЕКТЕ
A6: Этажность | B6: 9 | C6: Общая жилая площадь, м2 | D6: 4162.9 | E6: Площадь кровли, м2 | F6: 1196
A7: Количество подъездов | B7: 2 | C7: Площадь нежилых помещений, м2 | D7: 894.4 | E7: Площадь чердаков, м2 | F7: 545
A8: Количество квартир | B8: 88 | C8: Площадь л/ клеток, тамбуров, лифтов, м/камер, м2 | D8: 743.9 | E8: Площадь подвалов, м2 | F8: 488.6
A11: Наименование | F11: Значение
A12: Переходящие остатки денежных средств за выполненные работы (на начало периода; + резерв, - долг) | F12: -143224.91
A13: Задолженность по оплате за содержание и текущий ремонт общего имущества МКД (на начало периода) | F13: =167134.64+155280.42 -> 322415.06
A14: Начислено за работы (услуги) по содержанию и текущему ремонту и аренду общего имущества МКД, в том числе: | F14: =SUM(F15:F17) -> 736128.65
A15: - за жилые помещения | F15: =621940.95-19191.06 -> 602749.89
A16: - за нежилые помещения | F16: 133378.76
A17: - за рекламу и аренду общего имущества МКД
A18: Получено денежных средств, в т. ч: | F18: =SUM(F19:F21) -> 928866.05
A19: - за жилые помещения | F19: 681026.35
A20: - за нежилые помещения | F20: 247839.7
A21: - за рекламу и аренду общего имущества МКД
A22: Всего денежных средств с учетом остатков | F22: =F12+F18 -> 785641.14
A23: Выполненные работы (оказанные услуги) по содержанию общего имущества и текущему ремонту в отчетном периоде | F23: ='Акт (2)'!E85 -> 698248.88
A24: Переходящие остатки денежных средств за выполненные работы (на конец периода; + резерв, - долг) | F24: =F22-F23 -> 87392.259
A25: Задолженность по оплате за содержание и текущий ремонт общего имущества МКД (на конец периода) | F25: =F13+F14-F18 -> 129677.66
A27: Директор ООО "ТРЭК" Плотников А.А. __________________
A28: Отчет составил: экономист Осипова М.С. _______________
A29: Отчет получил: ________________________________________________________
A30: Дата __________________

Sheet Акт (2)
A1: АКТ № 30/9-2018
A2: приемки оказанных услуг и (или) выполненных работ по содержанию и текущему ремонту общего имущества в многоквартирном доме № 9 микрорайона 30.
A3: г. Ангарск | D3: "31" марта 2019 г.
A5: Наименование вида работы (услуги) | B5: Периодичность/ количественный показатель выполненной работы (оказанной услуги) | C5: Единица измерения работы (услуги) | D5: Стоимость /сметная стоимость выполненной работы (оказанной услуги) за единицу | E5: Цена выполненной работы (оказанной услуги), в рублях
A6: Аварийное обслуживание
A7: Аварийное обслуживание | B7: Ежедневно | C7: руб. | D7: =E7 -> 7889.39 | E7: 7889.39
A8: Благоустройство
A9: Приварка шарнира, скобы, приварка швов на МАФ | B9: 2 | C9: шт | D9: =E9/B9 -> 865.59 | E9: 1731.18
A10: Ремонт деревянной капитальной горки (Прим) | B10: 0.27 | C10: 100 м досок | D10: =E10/B10 -> 29587.37 | E10: 7988.59
A11: Вывоз и утилизация ТКО, в т.ч. крупногабаритного мусора
A12: Вывоз и утилизация ТКО, в т.ч. крупногабаритный мусор | B12: Ежедневно | C12: руб. | D12: =E12 -> 121375.2 | E12: 121375.2
A13: Замена колеса на мусорном контейнере | B13: 1 | C13: шт | D13: =E13/B13 -> 1264.26 | E13: 1264.26
A14: Дезинсекция и дератизация
A15: Дезинсекция и дератизация | B15: По договору | C15: руб. | D15: =E15 -> 2254.92 | E15: 2254.92
A16: Изготовление ключей
A17: Изготовление ключей | B17: По факту | C17: шт | D17: =E17 -> 300 | E17: 300
A18: Коммунальные ресурсы на содержание общ. имущества МКД
A19: Коммунальные ресурсы на содержание общего имущества МКД | B19: По факту | C19: руб. | D19: =E19 -> 95741.34 | E19: 95741.34
A20: Обслуживание и ремонт лифтов
A21: Техническое обслуживание лифтов | B21: По договору | C21: руб. | D21: =E21 -> 74400 | E21: 74400
A22: Обслуживание и текущий ремонт электрооборудования жилых домов
A23: Обслуживание и текущий ремонт электрооборудования жилых домов | B23: По договору | C23: руб. | D23: =E23 -> 15877.96 | E23: =3445.06+12432.9 -> 15877.96
A24: Устройство прожектрора с фотореле | B24: 1 | C24: шт | D24: =E24/B24 -> 5714.46 | E24: 5714.46
A25: Обслуживание инженерного оборудования
A26: Запуск потока воды: отопление, ГВС | B26: 4 | C26: 1 узел | D26: =E26/B26 -> 85.0475 | E26: 340.19
A27: Запуск системы отопления. | B27: 2 | C27: 1 здание | D27: =E27/B27 -> 1259.27 | E27: 2518.54
A28: Ликвидация воздушных пробок в системе отопления, в стояке | B28: 6 | C28: 1 стояк | D28: =E28/B28 -> 474.73833 | E28: 2848.43
A29: Опрессовка ТУ диаметром: до 100 мм | B29: 0.18 | C29: 100 м | D29: =E29/B29 -> 6077.3333 | E29: 1093.92
A30: Осмотр подвальных помещений и выпуска при подпоре | B30: 1 | C30: 1 осмотр | D30: =E30/B30 -> 539.85 | E30: 539.85
A31: Осмотр системы центрального отопления, устройств в чердачных и подвальных помещениях. | B31: 0.27 | C31: 1000 м2 | D31: =E31/B31 -> 1687.2963 | E31: 455.57
A32: Осмотр СТО | B32: 0.06 | C32: 100 квартир | D32: =E32/B32 -> 25365.167 | E32: 1521.91
A33: Осмотр СТО в чердачных и подвальных помещениях (весенний и осенний) | B33: 1.871 | C33: 1000 м2 | D33: =E33/B33 -> 1685.6921 | E33: 3153.93
A34: Осмотр, замеры, опломбировка ПУ Т/У с представителем | B34: 0.02 | C34: 100 шт. | D34: =E34/B34 -> 25087 | E34: 501.74
A35: Отключение системы отопления (консервация) - прим. | B35: 2 | C35: 1 здание | D35: =E35/B35 -> 503.41 | E35: 1006.82
A36: Очистка канализационного стояка от наледи | B36: 1 | C36: 1 стояк | D36: =E36/B36 -> 201.03 | E36: 201.03
A37: Очистка канализационной сети: внутренней | B37: 0.06 | C37: 100 м | D37: =E37/B37 -> 14601.5 | E37: 876.09
... A45: Снятие и запись замера в наряде (ИТП,РХВ) | B45: 53 | C45: 1 ИТП | D45: =E45/B45 -> 254.48264 | E45: 13487.58
A46: Обслуживание конструктивных элементов
A47: Закрытие подъездного окна | B47: 0.3 | C47: 10 шт. | D47: =E47/B47 -> 1888.9 | E47: 566.67
A48: Осмотр подвальных помещениях (засоры, подпоры) | B48: 0.81 | C48: 1000 м2 | D48: =E48/B48 -> 1698.9506 | E48: 1376.15
A49: Осмотр всех элемнтов крыши. водостоков | B49: 1.741 | C49: 1000 м2 | D49: =E49/B49 -> 1125.6347 | E49: 1959.73
A50: Осмотр квартир | B50: 0.02 | C50: 100 квартир | D50: =E50/B50 -> 24768.5 | E50: 495.37
A51: Осмотр кровли, чердака, люков | B51: 0.27 | C51: 1000 м2 | D51: =E51/B51 -> 1520.9259 | E51: 410.65
A52: Очистка кровли от снега, сбивание сосулей | B52: 6 | C52: 1 м 2 основания | D52: =E52/B52 -> 146.60833 | E52: 879.65
A53: Очистка канализационного стояка от наледи | B53: 5 | C53: 1 стояк | D53: =E53/B53 -> 195.37 | E53: 976.85
A54: Проверка исправности канализационных вытяжек (по жалобе) | B54: 0.4 | C54: 1000 м2 | D54: =E54/B54 -> 1764.125 | E54: 705.65
A55: Проверка наличия тяги в ДВ и вент. каналах | B55: 0.25 | C55: 1000 м2 | D55: =E55/B55 -> 1764.44 | E55: 441.11
A56: Смена дверных приборов: петли | B56: 0.03 | C56: 100 приборов | D56: =E56/B56 -> 48318.333 | E56: 1449.55
A57: Смена дверных приборов: пружин | B57: 0.02 | C57: 100 приборов | D57: =E57/B57 -> 32190.5 | E57: 643.81
A58: Обслуживание ОДПУ
A59: Техническое обслуживание ОДПУ | B59: По договору | C59: руб. | D59: =E59 -> 43200 | E59: 43200
A60: Расходы на истребование задолженности по оплате жилых помещений
A61: Истребование дебиторской задолженности | B61: По факту | C61: руб. | D61: =E61 -> 1871.74 | E61: 1871.74
A62: Текущий ремонт инженерного оборудования
A63: Демонтаж монтаж частей фановых труб | B63: 0.025 | C63: 100 м | D63: =E63/B63 -> 15939.6 | E63: 398.49
A64: Осмотр замеры рамок холодной воды | B64: 0.01 | C64: чел.-ч | D64: =E64/B64 -> 25297 | E64: 252.97
A65: Очистка фильтра от накипи (отложений) | B65: 1 | C65: шт | D65: =E65/B65 -> 979.52 | E65: 979.52
A66: Регулировка температуры отопления в ИТП вентилями | B66: 4 | C66: шт | D66: =E66/B66 -> 304.4925 | E66: 1217.97
A67: Ремонт КОРАЛЛа | B67: 1 | C67: шт | D67: =E67/B67 -> 409.11 | E67: 409.11
A68: Ремонт кранов регулировки у радиаторных блоков. | B68: 1 | C68: шт | D68: =E68/B68 -> 212.29 | E68: 212.29
A69: Приварка деталей при ремонте инвентаря | B69: 2 | C69: шт | D69: =E69/B69 -> 775.075 | E69: 1550.15
A70: Ремонт м/ковшей-сварка | B70: 1 | C70: шт | D70: =E70/B70 -> 1326.09 | E70: 1326.09
A71: Ремонт м/ковшей-укрепление, смазка | B71: 1 | C71: шт | D71: =E71/B71 -> 443.46 | E71: 443.46
A72: Смена отдельных участков трубопроводов диаметром: 15 мм | B72: 2 | C72: 1 участок | D72: =E72/B72 -> 920.715 | E72: 1841.43
A73: Текущий ремонт конструктивных элементов жилых зданий
A74: Окраска клеевыми составами: простая бордюрного камня, столбов | B74: 0.568 | C74: 100 м2 | D74: =E74/B74 -> 6493.6972 | E74: 3688.42
A75: Ремонт дверных полотен | B75: 0.01 | C75: 100 шт. | D75: =E75/B75 -> 118896 | E75: 1188.96
A76: Ремонт полов щетинистым покрытием | B76: 5 | C76: м2 | D76: =E76/B76 -> 1147.764 | E76: 5738.82
A77: Ручная газовая резка круглой стали диаметром до 24 мм Срезка замка, кронштейна, штырей | B77: 0.1 | C77: 10 шт. | D77: =E77/B77 -> 1193.3 | E77: 119.33
A78: Смена метлахских плиток в полах | B78: 0.09 | C78: 100 плиток | D78: =E78/B78 -> 8864 | E78: 797.76
A79: Уборка лестничных клеток
A80: Уборка л/клеток | B80: По тарифу | C80: м2 | D80: =E80 -> 121982.08 | E80: 121982.08
A81: Уборка придомовой территории
A82: Уборка придомовой территории | B82: По тарифу | C82: м2 | D82: =E82 -> 54927.58 | E82: 54927.58
A83: Услуги по управлению МКД
A84: Услуги по управлению МКД | B84: Ежедневно | C84: руб. | D84: =E84 -> 63477.171 | E84: =SUM(E7:E82)*10% -> 63477.171
A85: Итого: | E85: =SUM(E7:E84) -> 698248.88
A87: Всего за период с "01" января 2018 г. по "31"декабря 2018 г. выполнено работ (оказано услуг) на общую сумму 698 248.88 руб. (Шестьсот девяносто восемь тысяч двести сорок восемь рублей 88 копеек)
A89: Работы (услуги) выполнены (оказаны) полностью, в установленные сроки, с надлежащим качеством.
A90: Претензий по выполнению условий Договора Стороны друг к другу не имеют.
A91: Настоящий Акт составлен в 2-х экземплярах, имеющих одинаковую юридическую силу, по одному для каждой из Сторон.
A95: Подписи Сторон:
A97: Исполнитель - Директор ООО "ТРЭК" Плотников А.А. | C97: __________________________
A98: (должность, ФИО) | C98: (подпись)
A100: Заказчик - ____________________________________________________ | C100: __________________________
A101: (ФИО) | C101: (подпись)

Sheet 2019
A1: Отчет по бюджету № 30/9-2019
A3: Период: с 01.01.2019 по 31.12.2019 года.
A5: ОБЩИЕ СВЕДЕНИЯ ОБ ОБЪЕКТЕ
A6: Этажность | B6: 9 | C6: Общая жилая площадь, м2 | D6: 4162.9 | E6: Площадь кровли, м2 | F6: 1196
A7: Количество подъездов | B7: 2 | C7: Площадь нежилых помещений, м2 | D7: 894.4 | E7: Площадь чердаков, м2 | F7: 545
A8: Количество квартир | B8: 88 | C8: Площадь л/ клеток, тамбуров, лифтов, м/камер, м2 | D8: 743.9 | E8: Площадь подвалов, м2 | F8: 488.6
A11: Наименование | F11: Значение
A12: Переходящие остатки денежных средств за выполненные работы (на начало периода; + резерв, - долг) | F12: 87392.259
A13: Задолженность по оплате за содержание и текущий ремонт общего имущества МКД (на начало периода) | F13: 129263.54 | H13: кор
A14: Начислено за работы (услуги) по содержанию и текущему ремонту и аренду общего имущества МКД, в том числе: | F14: =SUM(F15:F17) -> 888991.15
A15: - за жилые помещения | F15: =686089.06+35467.8+3016.56 -> 724573.42
A16: - за нежилые помещения | F16: 158831.92
A17: - за рекламу и аренду общего имущества МКД | F17: 5585.81
A18: Получено денежных средств, в т. ч: | F18: =SUM(F19:F21) -> 774866.16
A19: - за жилые помещения | F19: =3016.56+673946.7 -> 676963.26
A20: - за нежилые помещения | F20: 95652.9
A21: - за рекламу и аренду общего имущества МКД | F21: 2250
A22: Всего денежных средств с учетом остатков | F22: =F12+F18 -> 862258.42
A23: Выполненные работы (оказанные услуги) по содержанию общего имущества и текущему ремонту в отчетном периоде | F23: =Лист3!E85 -> 855335.71
A24: Переходящие остатки денежных средств за выполненные работы (на конец периода; + резерв, - долг) | F24: =F22-F23 -> 6922.707
A25: Задолженность по оплате за содержание и текущий ремонт общего имущества МКД (на конец периода) | F25: =F13+F14-F18 -> 243388.53
A27: Директор ООО "ТРЭК" Плотников А.А. __________________
A28: Отчет составил: экономист Осипова М.С. _______________
A29: Отчет получил: ________________________________________________________
A30: Дата __________________

Sheet Лист3
A2: .
B3: АКТ № 30/9
B4: приемки оказанных услуг и (или) выполненных работ по содержанию
B5: и текущему ремонту общего имущества в многоквартирном доме
A6: г. Ангарск | E6: 31 марта 2020 г.
A8: Собственники помещений в многоквартином доме, расположенном по адресу: ________________________ , именуемые в дальнейшем "Заказчик", в лице ___________________________________________________________________________________,
A9: являющегося собственником квартиры № _____, находящейся в данном многоквартирном доме, действующего на основании протокола общего собрания собственников, с одной стороны, и управляющая компания ООО "ТРЭК", именуемая в дальнейшем
A10: "Исполнитель", в лице директора Плотникова А.А., действующего на основании Устава, с другой стороны, совместно именуемые "Стороны", составили настоящий акт о нижеследующем:
A11: 1. Исполнителем предъявлены к приемке следующие оказанные на основании договора управления многоквартирным домом или договора оказания услуг по содержанию и (или) выполнению работ по ремонту общего имущества в многоквартирном
A12: доме, либо договора подряда по выполнению работ по ремонту общего имущества в многоквартирном доме (указать нужное) № _______ от "____" ___________________ ______ г. (далее - "Договор") услуги и (или) выполненные работы по содержанию
A13: и текущему ремонту общего имущества в многоквартирном доме № _____, расположенном по адресу: ______________________:
A15: Наименование вида работы (услуги) | B15: Периодичность / количественный показатель выполненной работы (оказанной услуги) | C15: Единица измерения работы (услуги) | D15: Стоимость / сметная стоимость выполненной работы (оказанной услуги) за единицу | E15: Цена выполненной работы (оказанной услуги), в рублях
A16: Аварийное обслуживание
A17: Аварийное обслуживание | B17: Ежедневно | C17: руб. | D17: 0.13 | E17: 7889.39
A18: Благоустройство и обеспечение санитарного состояния МКД и придомовой територии
A19: Окраска горки деревянной | B19: 0.12 | C19: 100 м2 | D19: =E19/B19 -> 19398.833 | E19: 2327.86
A20: Ручная односторонняя сварка деталей контейнера из листовой стали | B20: 0.07 | C20: 10 м | D20: =E20/B20 -> 3360.8571 | E20: 235.26
A21: Уборка придомовой территории и лестничных клеток | B21: По тарифу | C21: м2 | D21: =E21 -> 403080.09 | E21: 403080.09
A22: Коммунальные ресурсы на содержание общ. имущества МКД
A23: Коммунальные ресурсы на содержание общего имущества МКД | B23: По факту | C23: руб. | D23: =E23 -> 44850.76 | E23: 44850.76
A24: Обслуживание и ремонт лифтов
A25: Замена контакторов на пассажирском лифте | B25: По договору | C25: руб. | D25: =E25 -> 9175.11 | E25: 9175.11
A26: Страхование лифтов | B26: По договору | C26: руб. | D26: =E26 -> 1500 | E26: 1500
A27: Техническое обслуживание лифтов | B27: По договору | C27: руб. | D27: =E27 -> 72000 | E27: 72000
A28: Обслуживание и текущий ремонт инженерного оборудования
A29: Врезка с установкой вентиля д. 32 | B29: 4 | C29: шт | D29: =E29/B29 -> 2847.555 | E29: 11390.22
A30: Демонтаж МАФ | B30: 1 | C30: шт | D30: =E30/B30 -> 1257.38 | E30: 1257.38
A31: Замена шарового крана Д-32 | B31: 2 | C31: шт | D31: =E31/B31 -> 3225.475 | E31: 6450.95
A32: Замена шарового крана Д-50 | B32: 2 | C32: шт | D32: =E32/B32 -> 7672.38 | E32: 15344.76
A33: Регулировка температуры отопления в ИТП вентилями | B33: 2 | C33: шт | D33: =E33/B33 -> 304.425 | E33: 608.85
A34: Ремонт ковша мусоропровода- укрепление, смазка и т.д. | B34: 1 | C34: шт | D34: =E34/B34 -> 487.88 | E34: 487.88
A35: Ремонт м/ковшей-укрепление, смазка | B35: 2 | C35: шт | D35: =E35/B35 -> 467.085 | E35: 934.17
A36: Смена отдельных участков трубопроводов диаметром: 32 мм | B36: 4 | C36: 1 участок | D36: =E36/B36 -> 1435.2225 | E36: 5740.89
A37: Запуск потока воды: отопление, ГВС | B37: 3 | C37: 1 узел | D37: =E37/B37 -> 90.956667 | E37: 272.87
A38: Ликвидация воздушных пробок в системе отопления, в стояке | B38: 7 | C38: 1 стояк | D38: =E38/B38 -> 666.09 | E38: 4662.63
A39: Осмотр подъездов, подвального помещения чердачного помещения | B39: 0.27 | C39: 1000 м2 | D39: =E39/B39 -> 3642.8148 | E39: 983.56
A40: Осмотр СТО | B40: 0.03 | C40: 100 квартир | D40: =E40/B40 -> 27259.333 | E40: 817.78
... A54: Снятие и запись замера в наряде (ИТП,РХВ) | B54: 62 | C54: 1 ИТП | D54: =E54/B54 -> 271.4371 | E54: 16829.1
A55: Обслуживание и текущий ремонт конструктивных элементов
A56: Демонтаж-монтаж частей фановых труб | B56: 0.045 | C56: 100 м | D56: =E56/B56 -> 17049.556 | E56: 767.23
A57: Замена колеса на контейнере | B57: 13 | C57: шт | D57: =E57/B57 -> 1365.47 | E57: 17751.11
A58: Окраска масляными составами по дереву: доски объявления | B58: 0.008 | C58: 100 м2 | D58: =E58/B58 -> 32077.5 | E58: 256.62
A59: Ремонт дверных полотен (выдергивание гвоздей, подгонка, установка, укрепление притворной планки) | B59: 1 | C59: шт | D59: =E59/B59 -> 23.14 | E59: 23.14
A60: Ремонт и восстановление герметизации стыков мастикой | B60: 0.082 | C60: 100 м | D60: =E60/B60 -> 120364.39 | E60: 9869.88
A61: Ремонт катальной горки. | B61: 0.188 | C61: шт | D61: =E61/B61 -> 32971.649 | E61: 6198.67
A62: Ремонт отдельных мест покрытия из асбоцементных листов: обыкновенного профиля | B62: 4.52 | C62: м2 | D62: =E62/B62 -> 316.36283 | E62: 1429.96
A63: Ремонт отдельных мест скатной кровли (материалом Ризолит) | B63: 7.02 | C63: м2 | D63: =E63/B63 -> 325.21795 | E63: 2283.03
A64: Ремонт мусорного контейнера | B64: 1 | C64: шт | D64: =E64/B64 -> 743.26 | E64: 743.26
A65: Ремонт полов щетинистым покрытием | B65: 3 | C65: м2 | D65: =E65/B65 -> 538.42 | E65: 1615.26
A66: Ручная газовая резка Срезка замка, кронштейна, штырей | B66: 0.1 | C66: 10 шт. | D66: =E66/B66 -> 1283.3 | E66: 128.33
A67: Ручная односторонняя сварка деталей контейнера из листовой стали | B67: 0.12 | C67: 10 м | D67: =E67/B67 -> 3393.5833 | E67: 407.23
... A76: Укрепление дверных приборов: петли (шарниры), шпингалеты, ручки накладные | B76: 0.02 | C76: 100 шт. | D76: =E76/B76 -> 46457 | E76: 929.14
A77: Обслуживание и текущий ремонт электрооборудования жилых домов
A78: Обслуживание и текущий ремонт электрооборудования жилых домов | C78: руб. | E78: 20574.02
A79: Обслуживание ОДПУ
A80: Техническое обслуживание ОДПУ | C80: руб. | E80: 43200
A81: Расходы на истребование задолженности по оплате жилых помещений
A82: Истребование дебиторской задолженности | C82: руб. | E82: 2731.42
A83: Услуги по управлению МКД
A84: Услуги по управлению МКД | B84: Ежедневно | C84: руб. | D84: =E84 -> 77757.792 | E84: =SUM(E16:E82)*10% -> 77757.792
A85: Итого: | E85: =SUM(E16:E84) -> 855335.71
A88: 2. Всего за период с "01"января 2019 г. по "31"декября 2019 г. выполнено работ на общую сумму 855335.71 руб. (Восемьсот пятьдесят пять тысяч триста тридцать пять рублей 71 копейка)
A89: 3. Работы (услуги) выполнены (оказаны) полностью, в установленные сроки, с надлежащим качеством.
A90: 4. Претензий по выполнению условий Договора Стороны друг к другу не имеют.
A91: Настоящий акт составлен в 2-х экземплярах, имеющих одинаковую юридическую силу, по одному для каждой из Сторон.
A94: Исполнитель - Директор ООО "ТРЭК", Плотников А.А.
A95: ________________________________________ ____________________________________
D96: (подпись)
A98: Заказчик - ________________________________________ __________________________________
D99: (подпись)

Sheet 2020
A1: Отчет по бюджету № 30/9-2020
A3: Период: с 01.01.2020 по 31.12.2020 года.
A5: ОБЩИЕ СВЕДЕНИЯ ОБ ОБЪЕКТЕ
A6: Этажность | B6: 9 | C6: Общая жилая площадь, м2 | D6: 4162.9 | E6: Площадь кровли, м2 | F6: 1196
A7: Количество подъездов | B7: 2 | C7: Площадь нежилых помещений, м2 | D7: 894.4 | E7: Площадь чердаков, м2 | F7: 545
A8: Количество квартир | B8: 88 | C8: Площадь л/ клеток, тамбуров, лифтов, м/камер, м2 | D8: 743.9 | E8: Площадь подвалов, м2 | F8: 488.6
A11: Наименование | F11: Значение
A12: Переходящие остатки денежных средств за выполненные работы (на начало периода; + резерв, - долг) | F12: 6922.707
A13: Задолженность по оплате за содержание и текущий ремонт общего имущества МКД (на начало периода) | F13: 243388.53
A14: Начислено за работы (услуги) по содержанию и текущему ремонту и аренду общего имущества МКД, в том числе: | F14: =SUM(F15:F17) -> 776123.62
A15: - за жилые помещения | F15: =724595.4-42836.47+3049.63 -> 684808.56
A16: - за нежилые помещения | F16: 87027.87
A17: - за рекламу и аренду общего имущества МКД | F17: 4287.19
A18: Получено денежных средств, в т. ч: | F18: =SUM(F19:F21) -> 773028.01
A19: - за жилые помещения | F19: =684506.16+3049.63 -> 687555.79
A20: - за нежилые помещения | F20: 81422.22
A21: - за рекламу и аренду общего имущества МКД | F21: 4050
A22: Всего денежных средств с учетом остатков | F22: =F12+F18 -> 779950.72
A23: Выполненные работы (оказанные услуги) по содержанию общего имущества и текущему ремонту в отчетном периоде | F23: =Лист1!E82 -> 879531.15
A24: Переходящие остатки денежных средств за выполненные работы (на конец периода; + резерв, - долг) | F24: =F22-F23 -> -99580.43
A25: Задолженность по оплате за содержание и текущий ремонт общего имущества МКД (на конец периода) | F25: =F13+F14-F18 -> 246484.14 | H25: =112067.53+134416.61 -> 246484.14
A27: Директор ООО "ТРЭК" Плотников А.А. __________________
A28: Отчет составил: экономист Осипова М.С. _______________
A29: Отчет получил: ________________________________________________________
A30: Дата __________________

Sheet Лист1
A2: .
B3: АКТ № 30/9
A4: приемки оказанных услуг и (или) выполненных работ по содержанию
A5: и текущему ремонту общего имущества в многоквартирном доме
A6: г. Ангарск | E6: 31 марта 2021 г.
A8: Собственники помещений в многоквартином доме, расположенном по адресу: ________________________ , именуемые в дальнейшем "Заказчик", в лице ___________________________________________________________________________________,
A9: являющегося собственником квартиры № _____, находящейся в данном многоквартирном доме, действующего на основании протокола общего собрания собственников, с одной стороны, и управляющая компания ООО "ТРЭК", именуемая в дальнейшем
A10: "Исполнитель", в лице директора Плотникова А.А., действующего на основании Устава, с другой стороны, совместно именуемые "Стороны", составили настоящий акт о нижеследующем:
A11: 1. Исполнителем предъявлены к приемке следующие оказанные на основании договора управления многоквартирным домом или договора оказания услуг по содержанию и (или) выполнению работ по ремонту общего имущества в многоквартирном
A12: доме, либо договора подряда по выполнению работ по ремонту общего имущества в многоквартирном доме (указать нужное) № _______ от "____" ___________________ ______ г. (далее - "Договор") услуги и (или) выполненные работы по содержанию
A13: и текущему ремонту общего имущества в многоквартирном доме № _____, расположенном по адресу: ______________________:
A15: Наименование вида работы (услуги) | B15: Периодичность / количественный показатель выполненной работы (оказанной услуги) | C15: Единица измерения работы (услуги) | D15: Стоимость / сметная стоимость выполненной работы (оказанной услуги) за единицу | E15: Цена выполненной работы (оказанной услуги), в рублях
A16: Аварийное обслуживание
A17: Аварийное обслуживание | B17: Ежедневно | C17: руб. | D17: 0.13 | E17: 7889.39
A18: Благоустройство и обеспечение санитарного состояния МКД и придомовой територии
A19: Дезинфекция мест общего пользования МКД | B19: По факту | C19: м2 | D19: =E19 -> 31243.8 | E19: 31243.8
A20: Окраска известковыми составами: по кирпичу и бетону (бордюр. столбики, столбы) | B20: По факту | C20: 100 м2 | D20: =E20 -> 1758.38 | E20: 1758.38
A21: Окраска известковыми составами: по кирпичу и бетону (бордюр. столбики, столбы) за 2019 год | B21: По факту | C21: 100 м2 | D21: =E21 -> 1597.15 | E21: 1597.15
A22: Уборка придомовой территории и лестничных клеток | B22: По тарифу | C22: м2 | D22: =E22 -> 412481.36 | E22: 412481.36
A23: Изготовление ключей
A24: Изготовление ключей | B24: По факту | C24: шт | D24: =E24 -> 300 | E24: 300
A25: Коммунальные ресурсы на содержание общ. имущества МКД
A26: Коммунальные ресурсы на содержание общего имущества МКД | B26: По факту | C26: руб. | D26: =E26 -> 81110.06 | E26: 81110.06
A27: Обслуживание и ремонт лифтов
A28: Страхование лифтов | B28: По договору | C28: руб. | D28: =E28 -> 3000 | E28: 3000
A29: Техническое обслуживание лифтов | B29: По договору | C29: руб. | D29: =E29 -> 72000 | E29: 72000
A30: Обслуживание и текущий ремонт инженерного оборудования
A31: Консервация системы отопления | B31: 4 | C31: 100 м | D31: =E31/B31 -> 616.125 | E31: 2464.5
A32: Монтаж полотенцесушителя | B32: 1 | C32: шт | D32: =E32/B32 -> 620.13 | E32: 620.13
A33: Осмотр кровли,чердака,подъездов,подвала,фасада-после землетр-ия, в т.ч. рем-т выявленных повреждений | B33: По факту | C33: 1000 м2 | D33: =E33 -> 2470.8 | E33: 2470.8
A34: Проверка работ-ти запорной арматуры, устранение мелких неисправностей, проверка работы ПУ РХВ | B34: 0.02 | C34: 100 шт. | D34: =E34/B34 -> 30441.5 | E34: 608.83
A35: Регулировка температуры отопления в ИТП вентилями | B35: 1 | C35: шт | D35: =E35/B35 -> 381.15 | E35: 381.15
A36: Замена колеса на контейнере | B36: 4 | C36: шт | D36: =E36/B36 -> 2434.7675 | E36: 9739.07
A37: Запуск потока воды: отопление, ГВС, ХВС | B37: 5 | C37: 1 узел | D37: =E37/B37 -> 100.862 | E37: 504.31
A38: Запуск системы отопления. | B38: 2 | C38: 1 здание | D38: =E38/B38 -> 1012.36 | E38: 2024.72
A39: Ликвидация воздушных пробок в системе отопления, в стояке | B39: 2 | C39: 1 стояк | D39: =E39/B39 -> 670.84 | E39: 1341.68
A40: Осмотр подвальных помещений | B40: 0.34 | C40: 1000 м2 | D40: =E40/B40 -> 1814.7647 | E40: 617.02
A41: Осмотр СТО | B41: 0.06 | C41: 100 квартир | D41: =E41/B41 -> 29644.667 | E41: 1778.68
A42: Осмотр СТО в чердачных и подвальных помещениях (весенний и осенний) | B42: 3.196 | C42: 1000 м2 | D42: =E42/B42 -> 2020.4819 | E42: 6457.46
A43: Осмотр, замеры, опломбировка ПУ Т/У с представителем | B43: 0.04 | C43: 100 шт. | D43: =E43/B43 -> 30120 | E43: 1204.8
A44: Осмотр, проверка работы приборов ИТП, РХВ | B44: 2 | C44: шт | D44: =E44/B44 -> 315.17 | E44: 630.34
A45: Перевод отопления с подачи на обратку или с обратки на подачу | B45: 8 | C45: узел | D45: =E45/B45 -> 252.2925 | E45: 2018.34
... A47: Подготовка ИТП Д-80 к зиме | B47: 2 | C47: шт | D47: =E47/B47 -> 7249.365 | E47: 14498.73
A48: Промывка трубопровода системы отопления | B48: 1 | C48: 1 здание | D48: =E48 -> 23294.3 | E48: 23294.3
A49: Ремонт смесителя без душа | B49: 1 | C49: 1 смеситель | D49: =E49/B49 -> 739.51 | E49: 739.51
A50: Сдача ИТП представителю энергоснабжающей организации | B50: 2 | C50: 1 ИТП | D50: =E50/B50 -> 876.75 | E50: 1753.5
A51: Снятие и запись замера в наряде (ИТП,РХВ) | B51: 66 | C51: 1 ИТП | D51: =E51/B51 -> 301.60985 | E51: 19906.25
A52: Обслуживание и текущий ремонт конструктивных элементов
A53: Заделка стыков соединений стояков (раструб-труба) | B53: 8 | C53: шт | D53: =E53/B53 -> 261.35375 | E53: 2090.83
A54: Осмотр кровли,чердака,подъездов,подвала,фасада-после землетр-ия, в т.ч. рем-т выявленных повреждений | B54: По факту | C54: 1000 м2 | D54: =E54 -> 3888.75 | E54: 3888.75
A55: Постановка заклепок в местах соединения труб | B55: 0.08 | C55: 100 шт. | D55: =E55/B55 -> 4552.25 | E55: 364.18
A56: Ремонт дверных коробок узких: в деревянных стенах без снятия полотен | B56: 0.1 | C56: 10 коробок | D56: =E56/B56 -> 20681.2 | E56: 2068.12
A57: Ремонт обделок из листовой стали конька шириной: до 0,7 м | B57: 0.01 | C57: 100 м | D57: =E57/B57 -> 42197 | E57: 421.97
A58: Ремонт покрытия из кровельной стали | B58: 1.09 | C58: 100 м2 | D58: =E58/B58 -> 1626.578 | E58: 1772.97
A59: Смена: колен водосточных труб | B59: 0.01 | C59: 100 шт. | D59: =E59/B59 -> 33617 | E59: 336.17
A60: Установка досок объявлений | B60: 0.02 | C60: 100 шт. | D60: =E60/B60 -> 95913.5 | E60: 1918.27
A61: Установка частей водосточных труб (отметов) | B61: 0.01 | C61: 100 шт. | D61: =E61/B61 -> 47760 | E61: 477.6
A62: Устройство ската для конттейнера | B62: 0.28 | C62: м2 | D62: =E62/B62 -> 5372.4286 | E62: 1504.28
A63: Осмотр квартир | B63: 0.01 | C63: 100 квартир | D63: =E63/B63 -> 32120 | E63: 321.2
A64: Осмотр кровли, чердака, люков | B64: 0.34 | C64: 1000 м2 | D64: =E64/B64 -> 3579.0294 | E64: 1216.87
A65: Осмотр кровли, чердака, подъездов, подвального помещения - весенний осмотр | B65: 1.871 | C65: 1000 м2 | D65: =E65/B65 -> 2021.9027 | E65: 3782.98
A66: Осмотр кровли, чердака, подъездов, подвального помещения -подготовка к зиме | B66: 1.777 | C66: 1000 м2 | D66: =E66/B66 -> 2007.9235 | E66: 3568.08
... A70: Проверка исправности канализационных вытяжек (по жалобе) | B70: 0.2 | C70: 1000 м2 | D70: =E70/B70 -> 1972.45 | E70: 394.49
A71: Обслуживание и текущий ремонт электрооборудования жилых домов
A72: Обслуживание и текущий ремонт электрооборудования жилых домов | B72: По договору | C72: руб. | D72: =E72 -> 15512.35 | E72: 15512.35
A73: Обслуживание ОДПУ
A74: Техническое обслуживание ОДПУ | B74: По договору | C74: руб. | D74: =E74 -> 43200 | E74: 43200
A75: Расходы на истребование задолженности по оплате жилых помещений. Содержание информационных систем
A76: Истребование дебиторской задолженности | B76: По факту | C76: руб. | D76: =E76 -> 2467.35 | E76: 2467.35
A77: Содержание информационных систем, обеспечивающих сбор, обработку и хранение данных | B77: По факту | C77: руб. | D77: =E77 -> 2730.94 | E77: 2730.94
A78: Текущий ремонт
A79: Установка прожекторов и фотореле | B79: По плану | C79: шт | D79: =E79 -> 2142.02 | E79: 2142.02
A80: Услуги по управлению МКД
A81: Услуги по управлению МКД | B81: Ежедневно | C81: руб. | D81: =E81 -> 79957.377 | E81: =SUM(E16:E79)*10% -> 79957.377
A82: Итого: | E82: =SUM(E16:E81) -> 879531.15
A85: 2. Всего за период с "01"января 2020 г. по "31"декабря 2020 г. выполнено работ на общую сумму 879531.15 руб. (Восемьсот семьдесят девять тысяч пятьсот тридцать один рубль 15 копеек)
A86: 3. Работы (услуги) выполнены (оказаны) полностью, в установленные сроки, с надлежащим качеством.
A87: 4. Претензий по выполнению условий Договора Стороны друг к другу не имеют.
A88: Настоящий акт составлен в 2-х экземплярах, имеющих одинаковую юридическую силу, по одному для каждой из Сторон.
A91: Исполнитель - Директор ООО "ТРЭК", Плотников А.А.
A92: _______________________________________ ____________________________________
D93: (подпись)
A95: Заказчик - ________________________________________ __________________________________
D96: (подпись)

Sheet 2021
A1: Отчет по бюджету № 30/9-2021
A3: Период: с 01.01.2021 по 31.12.2021 года.
A5: ОБЩИЕ СВЕДЕНИЯ ОБ ОБЪЕКТЕ
A6: Этажность | B6: 9 | C6: Общая жилая площадь, м2 | D6: 4162.9 | E6: Площадь кровли, м2 | F6: 1196
A7: Количество подъездов | B7: 2 | C7: Площадь нежилых помещений, м2 | D7: 531.4 | E7: Площадь чердаков, м2 | F7: 545
A8: Количество квартир | B8: 88 | C8: Площадь л/ клеток, тамбуров, лифтов, м/камер, м2 | D8: 743.9 | E8: Площадь подвалов, м2 | F8: 488.6
A11: Наименование | F11: Значение
A12: Переходящие остатки денежных средств за выполненные работы (на начало периода; + резерв, - долг) | F12: -99580.43
A13: Задолженность по оплате за содержание и текущий ремонт общего имущества МКД (на начало периода) | F13: 246484.14
A14: Начислено за работы (услуги) по содержанию и текущему ремонту и аренду общего имущества МКД, в том числе: | F14: =SUM(F15:F17) -> 809678.09
A15: - за жилые помещения | F15: 712275.15
A16: - за нежилые помещения | F16: 90922.94
A17: - за рекламу и аренду общего имущества МКД | F17: 6480
A18: Получено денежных средств, в т. ч: | F18: =SUM(F19:F21) -> 820769.66
A19: - за жилые помещения | F19: 710893.43
A20: - за нежилые помещения | F20: 99823.23
A21: - за рекламу и аренду общего имущества МКД | F21: 10053
A22: Всего денежных средств с учетом остатков | F22: =F12+F18 -> 721189.23
A23: Выполненные работы (оказанные услуги) по содержанию общего имущества и текущему ремонту в отчетном периоде | F23: =акт21!E92 -> 939210.64
A24: Переходящие остатки денежных средств за выполненные работы (на конец периода; + резерв, - долг) | F24: =F22-F23 -> -218021.4
A25: Задолженность по оплате за содержание и текущий ремонт общего имущества МКД (на конец периода) | F25: =F13+F14-F18 -> 235392.57
A27: Директор ООО "ТРЭК" Плотников А.А. __________________
A28: Отчет составил: экономист _______________
A29: Отчет получил: ________________________________________________________
A30: Дата __________________

Sheet акт21
A1: АКТ № 30/9
A2: приемки оказанных услуг и (или) выполненных работ по содержанию
A3: и текущему ремонту общего имущества в многоквартирном доме
A4: г. Ангарск | E4: 31 марта 2022 г.
A6: Собственники помещений в многоквартином доме, расположенном по адресу: ________________________ , именуемые в дальнейшем "Заказчик", в лице ___________________________________________________________________________________,
A7: являющегося собственником квартиры № _____, находящейся в данном многоквартирном доме, действующего на основании протокола общего собрания собственников, с одной стороны, и управляющая компания ООО "ТРЭК", именуемая в дальнейшем
A8: "Исполнитель", в лице директора Плотникова А.А., действующего на основании Устава, с другой стороны, совместно именуемые "Стороны", составили настоящий акт о нижеследующем:
A9: 1. Исполнителем предъявлены к приемке следующие оказанные на основании договора управления многоквартирным домом или договора оказания услуг по содержанию и (или) выполнению работ по ремонту общего имущества в многоквартирном
A10: доме, либо договора подряда по выполнению работ по ремонту общего имущества в многоквартирном доме (указать нужное) № _______ от "____" ___________________ ______ г. (далее - "Договор") услуги и (или) выполненные работы по содержанию
A11: и текущему ремонту общего имущества в многоквартирном доме № _____, расположенном по адресу: ______________________:
A13: Наименование вида работы (услуги) | B13: Периодичность / количественный показатель выполненной работы (оказанной услуги) | C13: Единица измерения работы (услуги) | D13: Стоимость / сметная стоимость выполненной работы (оказанной услуги) за единицу | E13: Цена выполненной работы (оказанной услуги), в рублях
A14: Аварийное обслуживание
A15: Аварийное обслуживание | B15: Ежедневно | C15: руб. | D15: 0.14 | E15: 6993.67
A16: Благоустройство и обеспечение санитарного состояния МКД и придомовой територии
A17: Устройство скамейки со спинкой и с окраской | B17: 1 | C17: шт | D17: =E17/B17 -> 5191.09 | E17: 5191.09
A18: Уборка придомовой территории и лестничных клеток | B18: По тарифу | C18: м2 | D18: =E18 -> 448481.4 | E18: 448481.4
A19: Коммунальные ресурсы на содержание общ. имущества МКД
A20: Коммунальные ресурсы на содержание общего имущества МКД | B20: По факту | C20: руб. | D20: =E20 -> 100993.19 | E20: 100993.19
A21: Обслуживание и ремонт лифтов
A22: Страхование лифтов | B22: По тарифу | C22: руб. | D22: =E22 -> 1500 | E22: 1500
A23: Техническое обслуживание лифтов | B23: По тарифу | C23: руб. | D23: =E23 -> 72000 | E23: 72000
A24: Ремонт лифта | B24: По факту | D24: =E24 -> 6000.69 | E24: 6000.69
A25: Тех.освидетельствование лифтов | B25: По факту | C25: руб. | D25: =E25 -> 7000 | E25: 7000
A26: Тех.освидетельствование строительных конструкций (крыльца) | B26: По факту | C26: руб. | D26: =E26 -> 15000 | E26: 15000
A27: Обслуживание и текущий ремонт инженерного оборудования
A28: Врезка в действующие внутренние сети трубопроводов отопления и водоснобжения д. 15мм | B28: 2 | C28: шт | D28: =E28/B28 -> 1287.355 | E28: 2574.71
A29: Запуск потока воды: отопление, ГВС, ХВС | B29: 8 | C29: 1 узел | D29: =E29/B29 -> 98.5225 | E29: 788.18
A30: Запуск системы отопления. | B30: 2 | C30: 1 здание | D30: =E30/B30 -> 1005.21 | E30: 2010.42
A31: Ликвидация воздушных пробок в системе отопления, в стояке | B31: 10 | C31: 1 стояк | D31: =E31/B31 -> 729.724 | E31: 7297.24
A32: Опрессовка ТУ диаметром: до 100 мм | B32: 2 | C32: 100 м | D32: =E32/B32 -> 961.795 | E32: 1923.59
A33: Осмотр и устранение мелких неисправностей на РХВ | B33: 1 | C33: шт | D33: =E33/B33 -> 149.54 | E33: 149.54
A34: Осмотр квартир | B34: 0.01 | C34: 100 квартир | D34: =E34/B34 -> 30546 | E34: 305.46
A35: Осмотр подвальных помещений (засоры, подпоры) прим. | B35: 0.27 | C35: 1000 м2 | D35: =E35/B35 -> 2009.7037 | E35: 542.62
A36: Осмотр подвальных помещений и выпуска при подпоре | B36: 1 | C36: 1 осмотр | D36: =E36/B36 -> 1102.95 | E36: 1102.95
A37: Осмотр СТО | B37: 0.01 | C37: 100 квартир | D37: =E37/B37 -> 30134 | E37: 301.34
A38: Осмотр СТО в ИТП, РХВ | B38: 0.01 | C38: 100 шт. | D38: =E38/B38 -> 28709 | E38: 287.09
A39: Осмотр СТО в чердачных и подвальных помещениях (весенний и осенний) | B39: 1.233 | C39: 1000 м2 | D39: =E39/B39 -> 2039.3268 | E39: 2514.49
... A52: Снятие и запись замера в наряде (ИТП,РХВ) | B52: 67 | C52: 1 ИТП | D52: =E52/B52 -> 302.63 | E52: 20276.21
A53: Обслуживание и текущий ремонт конструктивных элементов
A54: Газовая резка ацетиленом фиксаторов, скоб, косынок и др. | B54: 0.1 | C54: 10 шт. | D54: =E54/B54 -> 325.1 | E54: 32.51
A55: Демонтаж козырька над входной дверью в подъезд | B55: 0.025 | C55: т | D55: =E55/B55 -> 38532.8 | E55: 963.32
A56: Демонтаж-монтаж жалюзийных решеток | B56: 0.02 | C56: 100 шт. | D56: =E56/B56 -> 23506.5 | E56: 470.13
A57: Монтаж аншлагов, стенда, вывески, доски объявления и т.д. | B57: 0.02 | C57: 100 шт. | D57: =E57/B57 -> 86377.5 | E57: 1727.55
A58: Монтаж козырька над входной дверью в подъезд | B58: 0.05 | C58: т | D58: =E58/B58 -> 108012.2 | E58: 5400.61
A59: Ремонт дверных коробок укрепление | B59: 0.1 | C59: 10 шт. | D59: =E59/B59 -> 6136.7 | E59: 613.67
A60: Ремонт кровли | B60: 8 | C60: 100 м2 | D60: =E60/B60 -> 161.2625 | E60: 1290.1
A61: Ремонт покрытия из кровельной стали | B61: 0.07 | C61: 100 м2 | D61: =E61/B61 -> 3628.1429 | E61: 253.97
A62: Сверление отверстий электроперфоратором, диаметром до 20 мм | B62: 0.04 | C62: 100 отверстий | D62: =E62/B62 -> 2933.5 | E62: 117.34
A63: Смена дверных приборов: ручки-скобы | B63: 0.02 | C63: 100 приборов | D63: =E63/B63 -> 24009.5 | E63: 480.19
A64: Смена метлахских плиток в полах | B64: 0.1 | C64: 100 плиток | D64: =E64/B64 -> 8746.6 | E64: 874.66
A65: Установка оконных приборов: ручек, навесов | B65: 0.01 | C65: 100 шт. | D65: =E65/B65 -> 42629 | E65: 426.29
... A79: Укрепление и ремонт покрытия козырька из оцинкованной стали (проф. настила) | B79: 0.05 | C79: 100 м2 | D79: =E79/B79 -> 57842.8 | E79: 2892.14
A80: Обслуживание и текущий ремонт электрооборудования жилых домов
A81: Обслуживание и текущий ремонт электрооборудования жилых домов | B81: По договору | C81: руб. | D81: =E81 -> 15434.5 | E81: 15434.5
A82: Обслуживание ОДПУ
A83: Техническое обслуживание ОДПУ | B83: По договору | C83: руб. | D83: =E83 -> 43200 | E83: 43200
A84: Расходы на истребование задолженности по оплате жилых помещений. Содержание информационных систем
A85: Истребование дебиторской задолженности | B85: По факту | C85: руб. | D85: =E85 -> 1600 | E85: 1600
A86: Содержание информационных систем, обеспечивающих сбор, обработку и хранение данных | B86: По факту | C86: руб. | D86: =E86 -> 2751.17 | E86: 2751.17 | F86: =SUM(E15:E86) -> 853827.85 | G86: 853827.85
A87: Услуги по управлению МКД
A88: Услуги по управлению МКД | B88: Ежедневно | C88: руб. | D88: =E88 -> 85382.785 | E88: =SUM(E15:E86)*10% -> 85382.785
A89: Итого: | E89: =F86+E88 -> 939210.64
A92: 2. Всего за период с "01"января 2021 г. по "31"декабря 2021 г. выполнено работ на общую сумму | E92: =E89 -> 939210.64
A93: Девятьсот тридцать девять тысяч двести десять рублей 64 копейки.
A94: 3. Работы (услуги) выполнены (оказаны) полностью, в установленные сроки, с надлежащим качеством.
A95: 4. Претензий по выполнению условий Договора Стороны друг к другу не имеют.
A96: Настоящий акт составлен в 2-х экземплярах, имеющих одинаковую юридическую силу, по одному для каждой из Сторон.
A97: Подписи Сторон:
A98: Исполнитель - Директор ООО "ТРЭК", Плотников А.А.
A99: ____________________________________________________ ____________________________________
D100: (подпись)
A102: Заказчик - ________________________________________ __________________________________
D103: (подпись)
